 Dungeon Crawl Stone Soup version 0.22-a0-422-g9628fc8 (webtiles) character file.

12965 nikopol the Thaumaturge (level 11, -3/56 HPs)
             Began as a Deep Elf Fire Elementalist on May 22, 2018.
             Was a High Priest of Sif Muna.
             Slain by a wolf (7 damage)
             ... on level 1 of the Lair of Beasts.
             The game lasted 00:53:54 (14562 turns).

nikopol the Thaumaturge (DEFE)                     Turns: 14562, Time: 00:53:55

Health: -3/56      AC:  4    Str:  5    XL:     11   Next: 69%
Magic:  1/31       EV: 14    Int: 24    God:    Sif Muna [*****.]
Gold:   297        SH:  0    Dex: 15    Spells: 20/39 levels left

rFire    + + .     SeeInvis .   F - staff of fire
rCold    . . .     Gourm    .   (no shield)
rNeg     . . .     Faith    .   a - +0 robe
rPois    .         Spirit   .   (no helmet)
rElec    .         Reflect  .   (no cloak)
rCorr    .         Harm     .   (no gloves)
MR       ++...                  e - +1 pair of boots
Stlth    +++.......             (no amulet)
HPRegen  0.18/turn              z - ring of protection from fire
MPRegen  0.22/turn              j - ring of protection from magic

@: invisible
A: no striking features
a: Divine Energy, Channel Magic, Forget Spell, Renounce Religion


You were on level 1 of the Lair of Beasts.
You worshipped Sif Muna.
Sif Muna was extremely pleased with you.
You were hungry.

You visited 3 branches of the dungeon, and saw 12 of its levels.
You also visited: Sewer.

You collected 633 gold pieces.
You spent 336 gold pieces at shops.

Inventory:

Hand Weapons
 A - a +0 dagger
Armour
 a - a +0 robe (worn)
 e - a +1 pair of boots (worn)
Magical Staves
 F - an uncursed staff of fire (weapon)
Jewellery
 j - a ring of protection from magic (right hand)
 z - a ring of protection from fire (left hand)
 B - an uncursed ring of flight
Wands
 m - a wand of polymorph (7)
 n - a wand of random effects (30)
 s - a wand of flame (65)
 x - a wand of disintegration (3)
 E - a wand of paralysis (9)
Scrolls
 h - 8 scrolls of teleportation
 i - a scroll of enchant weapon
 l - a scroll of magic mapping
 q - 5 scrolls of fog
 r - 2 scrolls of remove curse
 y - 2 scrolls of enchant armour
 C - 4 scrolls of identify
Potions
 d - a potion of might {unknown}
 f - 2 potions of lignification
 g - 4 potions of resistance
 k - 3 potions of agility
 o - a potion of ambrosia
 p - 10 potions of curing
 t - 3 potions of mutation
 v - 2 potions of heal wounds {unknown}
 w - 3 potions of brilliance
 G - 2 potions of magic {unknown}
Comestibles
 c - 16 rations
 u - 5 chunks of flesh


   Skills:
 + Level 1.1 Fighting
 + Level 4.5 Dodging
 + Level 4.3 Stealth
 + Level 14.5 Spellcasting
 + Level 10.8 Conjurations
 + Level 11.6 Fire Magic
 + Level 0.7 Evocations


You had 20 spell levels left.
You knew the following spells:

 Your Spells              Type           Power        Failure   Level  Hunger
a - Flame Tongue          Conj/Fire      #####        1%          1    None
b - Throw Flame           Conj/Fire      ######       1%          2    None
c - Conjure Flame         Conj/Fire      #######.     1%          3    None
d - Sticky Flame          Conj/Fire      #######.     1%          4    None
e - Fireball              Conj/Fire      #######...   1%          5    ##.....
f - Force Lance           Conj/Tloc      #####...     3%          4    None

Your spell library contained the following spells:

 Spells                   Type           Power        Failure   Level  Hunger
 Magic Dart               Conj           ####         1%          1    None
 Bolt of Magma            Conj/Fire/Erth ######....   4%          5    ##.....
 Venom Bolt               Conj/Pois      #####.....   10%         5    ##.....
 Iskenderun's Mystic Bla  Conj           ######..     1%          4    None
 Iron Shot                Conj/Erth      #####.....   50%         6    #####..
 Orb of Destruction       Conj           ######....   32%         7    ######.
 Inner Flame              Hex/Fire       ######..     1%          3    None
 Iskenderun's Battlesphe  Conj/Chrm      #####...     10%         5    ##.....
 Fulminant Prism          Conj/Hex       #####.....   3%          4    None
 Dazzling Spray           Conj/Hex       #####.       1%          3    None
 Searing Ray              Conj           ######       1%          2    None
 Spellforged Servitor     Conj/Summ      #####.....   97%         7    ######.


Dungeon Overview and Level Annotations

Branches:
Dungeon (10/15)            Temple (1/1) D:5            Lair (1/6) D:9
    Orc (0/2) D:10

Altars:
Ashenzari
Cheibriados
Dithmenos
Elyvilon
Fedhas
Gozag
Hepliaklqana
Kikubaaqudgha
Makhleb
Nemelex Xobeh
Okawaru
Qazlal
Ru
Sif Muna
Trog
Uskayaw
Vehumet
Wu Jian
Xom
Yredelemnul
Zin
The Shining One

Shops:
D:9 *   D:10 :

Annotations:
D:6 Mgcat's ghost, novice DsBe


Message History

Aim: a wolf You feel a surge of power!
The sticky flame hits the wolf.
The wolf appears unharmed.
The wolf is covered in liquid flames!
The wolf burns!
The wolf bites you but does no damage. The wolf barely misses you.
The wolf bites you.
The wolf burns!
The wolf bites you.
The wolf burns!
The wolf closely misses you. The wolf misses you.
The wolf burns!
The wolf stops burning.
The wolf bites you! The wolf bites you!
* * * LOW HITPOINT WARNING * * *
Okay, then.
As you read the scroll of fear, it crumbles to dust.
You assume a fearsome visage.
The wolf looks frightened!
The wolf easily resists.
The wolf bites you.
* * * LOW HITPOINT WARNING * * *
The wolf completely misses you.
Okay, then.
You fade into invisibility!
The wolf bites you but does no damage. The wolf bites you!
You die...

########## ### #........###
..####........#.## ####
.........÷.......###.P####
.................h.......####...
.....P..........@...h....††.....
...####.........................
....# ##........#.####.#.###....
...## .........#### ###.# ...
...# ..........# #.# . ...#
..........# ... ..... ... .....
###.


You could see 2 wolves.

Vanquished Creatures
  A two-headed ogre (D:8)
  A death yak (D:9)
  An elephant (D:9)
  A centaur skeleton (D:8)
  The ghost of nikopol the Thaumaturge, a novice DEFE (D:7)
  2 spiny frogs (Lair:1)
  2 komodo dragons (Lair:1)
  4 trolls
  A spriggan (D:7)
  14 yaks
  A wraith (D:10)
  A basilisk (D:9)
  A hungry ghost (D:9)
  3 water moccasins
  2 porcupines (Lair:1)
  7 orc warriors
  A phantom (D:4)
  4 sky beasts
  A black bear (D:9)
  2 necrophages
  An ice beast (D:10)
  8 ogres
  4 wolves (Lair:1)
  2 centaurs
  2 crocodiles
  4 big kobolds
  9 bullfrogs
  4 gnoll sergeants
  A wyvern zombie (D:10)
  A wyvern skeleton (D:10)
  2 scorpions
  3 wights (D:9)
  A bullfrog zombie (D:6)
  3 quasits
  A centaur zombie (D:7)
  4 orc priests
  5 jellies
  3 bullfrog skeletons
  4 hounds
  6 orc wizards
  Ijyb (D:4)
  Natasha (thrice) (D:2)
  7 worker ants
  2 hound skeletons
  A howler monkey zombie (D:6)
  A worker ant zombie (D:7)
  9 gnolls
  2 howler monkey skeletons
  17 adders
  3 river rats (Sewer)
  2 shadow imps
  An ooze (D:4)
  An adder skeleton (D:6)
  An adder zombie (D:8)
  2 dart slugs
  5 leopard geckos
  28 orcs
  7 giant cockroaches
  11 goblins
  3 hobgoblins
  10 jackals
  2 quokkas
  13 ball pythons
  3 bats
  2 frilled lizards (D:2)
  4 hobgoblin zombies (D:9)
  10 kobolds
  3 kobold skeletons (D:9)
  A leopard gecko skeleton (D:8)
  An orc skeleton (D:9)
  An orc zombie (D:9)
  A quokka skeleton (D:4)
  29 rats
306 creatures vanquished.

Vanquished Creatures (others)
  A fungus (Lair:1)
1 creature vanquished.

Grand Total: 307 creatures vanquished

Notes
Turn   | Place    | Note
-------+----------+-------------------------------------------
     0 | D:1      | nikopol the Deep Elf Fire Elementalist began the quest for the Orb.
     0 | D:1      | Reached XP level 1. HP: 10/10 MP: 6/6
   562 | D:2      | Reached XP level 2. HP: 15/15 MP: 4/8
   612 | D:2      | Noticed Natasha
   617 | D:2      | Killed Natasha
   617 | D:2      | Reached XP level 3. HP: 11/19 MP: 5/10
   622 | D:2      | Learned a level 2 spell: Throw Flame
   626 | D:2      | Learned a level 3 spell: Conjure Flame
   747 | D:2      | Found an ancient bone altar of Kikubaaqudgha.
  1239 | D:2      | Noticed Natasha
  1257 | D:2      | Killed Natasha
  1257 | D:2      | Reached XP level 4. HP: 21/24 MP: 1/11
  1381 | D:2      | Found a sparkling altar of Nemelex Xobeh.
  1470 | D:2      | Noticed Natasha
  1480 | D:2      | Killed Natasha
  1496 | D:2      | Reached skill level 4 in Spellcasting
  1805 | D:3      | Reached XP level 5. HP: 28/28 MP: 7/13
  2657 | D:3      | You fall through a shaft!
  2659 | D:4      | Noticed a phantom
  2698 | D:4      | Noticed an ogre
  2700 | D:4      | Reached skill level 5 in Fire Magic
  2709 | D:4      | Killed an ogre
  2709 | D:4      | Reached skill level 5 in Spellcasting
  2709 | D:4      | Reached XP level 6. HP: 32/32 MP: 2/15
  2721 | D:4      | Learned a level 4 spell: Sticky Flame
  2727 | D:4      | Learned a level 5 spell: Fireball
  2870 | D:4      | Noticed Ijyb
  2875 | D:4      | Killed Ijyb
  3079 | D:4      | Noticed a sky beast
  3083 | D:4      | Killed a sky beast
  3180 | D:4      | Reached XP level 7. HP: 36/36 MP: 9/17
  3625 | D:4      | Reached skill level 6 in Spellcasting
  3734 | D:4      | Reached skill level 5 in Conjurations
  3799 | D:3      | Found a shimmering altar of Xom.
  4224 | D:5      | Entered Level 5 of the Dungeon
  4357 | D:5      | Reached skill level 7 in Spellcasting
  4505 | D:5      | Found a glowing drain.
  4514 | Sewer    | Entered a sewer
  4751 | Sewer    | Reached XP level 8. HP: 41/41 MP: 11/21
  5584 | D:5      | Found a staircase to the Ecumenical Temple.
  5593 | Temple   | Entered the Ecumenical Temple
  5791 | Temple   | Became a worshipper of Sif Muna the Loreminder
  5985 | D:6      | Noticed Mgcat's ghost (novice DsBe)
  6336 | D:6      | Found a basalt altar of Yredelemnul.
  6342 | D:6      | Reached skill level 8 in Spellcasting
  6582 | D:6      | Found a sparkling altar of Nemelex Xobeh.
  6713 | D:6      | Reached * piety under Sif Muna
  7167 | D:7      | Found a stormy altar of Qazlal.
  7217 | D:7      | Reached XP level 9. HP: 35/46 MP: 9/23
  7221 | D:7      | Reached skill level 9 in Spellcasting
  7277 | D:7      | Noticed nikopol's ghost (novice DEFE)
  7491 | D:7      | Killed nikopol's ghost
  7831 | D:7      | Reached skill level 10 in Spellcasting
  8124 | D:8      | Found a white marble altar of Elyvilon.
  8151 | D:8      | Noticed a troll
  8163 | D:8      | Killed a troll
  8163 | D:8      | Reached ** piety under Sif Muna
  8163 | D:8      | Reached skill level 1 in Fighting
  9092 | D:8      | Reached skill level 11 in Spellcasting
  9117 | D:8      | Reached XP level 10. HP: 49/52 MP: 19/27
  9176 | D:8      | Noticed a two-headed ogre
  9189 | D:8      | Killed a two-headed ogre
  9189 | D:8      | Reached *** piety under Sif Muna
 10218 | D:9      | Found Buan's Assorted Antiques.
 10225 | D:9      | Noticed a death yak
 10225 | D:9      | Noticed an elephant
 10250 | D:9      | Killed an elephant
 10250 | D:9      | Reached skill level 10 in Fire Magic
 10668 | D:9      | Reached skill level 12 in Spellcasting
 10797 | D:9      | Bought a knobbly runed staff for 336 gold pieces
 10802 | D:9      | Found a staircase to the Lair.
 11017 | D:9      | Found a radiant altar of Vehumet.
 11045 | D:9      | Found a burning altar of Makhleb.
 11337 | D:9      | Found a glowing golden altar of the Shining One.
 11380 | D:9      | Reached **** piety under Sif Muna
 11894 | D:9      | Killed a death yak
 11894 | D:9      | Reached skill level 13 in Spellcasting
 12060 | D:10     | Entered Level 10 of the Dungeon
 12118 | D:10     | Reached XP level 11. HP: 56/56 MP: 14/30
 12825 | D:10     | Found a staircase to the Orcish Mines.
 12830 | D:10     | Reached skill level 10 in Conjurations
 13447 | D:10     | Found Fiudgh Ones's Book Shop.
 13486 | D:10     | Reached ***** piety under Sif Muna
 13810 | Lair:1   | Entered Level 1 of the Lair of Beasts
 13955 | Lair:1   | Reached skill level 14 in Spellcasting
 14463 | Lair:1   | Received a gift from Sif Muna
 14470 | Lair:1   | Learned a level 4 spell: Force Lance
 14562 | Lair:1   | Slain by a wolf

Vault maps used:
D:1:      mrwooster_arrival_statue_2, minmay_misc_feat_columns,
          minmay_misc_feat_chi
D:2:      lemuel_doored_altar, nemelex_xobeh_ov_fountains_minmay, first_ration,
          uniq_natasha
D:3:      nicolae_overflow_hidden_temple, kennysheep_generic_room_14
D:4:      cheibrodos_helix_gallery, uniq_ijyb
D:5:      minmay_temple_entry_poolview, portal_sewer_entry_f,
          corexii_item_surrounded_by_moat
D:6:      yredelemnul_altar_generic, basic_altar
D:7:      the_bakery, nicolae_qazlal_eye_of_the_storm
D:8:      basic_altar, minmay_misc_feat_more_columns
D:9:      grunt_temple_overflow_lords_of_destruction,
          nicolae_tso_besieged_by_evil, david_lair_generic, serial_shops,
          nicolae_shop_statue_plus
D:10:     kennysheep_orc_monster_closet_entryway, serial_shops, shop
Temple:   bh_familiar_temple
Sewer:    sewer_minmay_w

Skill      XL: |  1  2  3  4  5  6  7  8  9 10 11 |
---------------+----------------------------------+-----
Fire Magic     | 4 5 6 7 9 10 11 | 11.6
Dodging        | 3 4 |  4.5
Spellcasting   | 4 5 7 8 11 13 14 | 14.5
Stealth        | 3 4 |  4.3
Conjurations   | 2 3 5 6 8 9 10 | 10.8
Fighting       | 1 |  1.1
Evocations     | |  0.7

Action                   |  1- 3 |  4- 6 |  7- 9 | 10-12 || total
-------------------------+-------+-------+-------+-------++-------
Melee: Unarmed           |       |     1 |       |       ||     1
 Cast: Flame Tongue      |    39 |    74 |   239 |   210 ||   562
       Throw Flame       |     3 |     5 |    21 |    22 ||    51
       Conjure Flame     |       |     1 |    12 |    11 ||    24
       Sticky Flame      |       |     2 |    34 |    33 ||    69
       Fireball          |       |       |    15 |    40 ||    55
Evoke: Wand              |       |       |     7 |       ||     7
  Use: Scroll            |       |       |    18 |     3 ||    21
       Potion            |       |       |       |     1 ||     1
  Eat: Chunk             |     1 |     6 |    16 |    13 ||    36
       Ration            |       |       |     2 |     2 ||     4
Armor: Robe              |     4 |     3 |     5 |    10 ||    22
Dodge: Dodged            |     7 |    12 |    46 |    26 ||    91

Table legend:
 A = Spawn XP
 B = Non-spawn XP
 C = Spawn XP percentage of total XP
 D = Spawn monster count
 E = Non-spawn monster count
 F = Spawn count percentage of total count
 G = Total turns spent on level
                    A         B        C        D         E        F      G
               +---------+---------+-------+---------+---------+-------+---------
         Total |       0 |   18522 |   0.0 |       0 |     306 |   0.0 | 14562
               +---------+---------+-------+---------+---------+-------+---------
           D:1 |       0 |      11 |   0.0 |       0 |       6 |   0.0 |   558
           D:2 |       0 |     162 |   0.0 |       0 |      25 |   0.0 |  1226
           D:3 |       0 |      64 |   0.0 |       0 |      15 |   0.0 |  1063
           D:4 |       0 |    1014 |   0.0 |       0 |      26 |   0.0 |  1377
           D:5 |       0 |     222 |   0.0 |       0 |      12 |   0.0 |  1137
           D:6 |       0 |     816 |   0.0 |       0 |      26 |   0.0 |  1209
           D:7 |       0 |    1393 |   0.0 |       0 |      18 |   0.0 |  1073
           D:8 |       0 |    2712 |   0.0 |       0 |      35 |   0.0 |  1602
           D:9 |       0 |    4155 |   0.0 |       0 |      37 |   0.0 |  2203
          D:10 |       0 |    4511 |   0.0 |       0 |      43 |   0.0 |  1605
        Lair:1 |       0 |    3109 |   0.0 |       0 |      15 |   0.0 |   752
         Sewer |       0 |     353 |   0.0 |       0 |      48 |   0.0 |   526
               +---------+---------+-------+---------+---------+-------+---------
